 Dungeon Crawl Stone Soup version 0.15.0-22-g71df38d (console) character file.

16485 gw the Basher (level 12, 0/116 HPs)
             Began as a Deep Dwarf Gladiator on Sept 8, 2014.
             Was a High Priest of Makhleb.
             Succumbed to a black mamba's poison
             ... on Level 2 of the Lair of Beasts.
             The game lasted 00:10:19 (11697 turns).

gw the Basher (Deep Dwarf Gladiator)               Turns: 11697, Time: 00:10:19

HP   0/116       AC 25     Str 18 (19) XL: 12   Next: 10%
MP  17/17        EV  9     Int 10      God: Makhleb [*****.]
Gold 0           SH  0     Dex 17      Spells:  0 memorised, 11 levels left

rFire  . . .     SeeInvis .     x - +4 great mace "Urojumn" {flame, rC++ rN+}
rCold  + + +     Clarity  +     B - +3 plate armour (curse)
rNeg   + . .     rCorr    .     (no shield)
rPois  .         rRot     .     H - +2 helmet
rElec  .         Spirit   .     t - +0 cloak
SustAb .         Warding  .     i - +1 pair of gloves
rMut   .         Stasis   .     (no boots)
Gourm  .                        g - amulet of clarity
MR     +....                    A - ring of protection from cold
                                o - +3 ring of evasion

@: lethally poisoned, non-regenerating, slowed, very slow, somewhat resistant to
hostile enchantments, extremely unstealthy
A: damage resistance, recharge devices, deterioration 1, sense surroundings 3,
slow healing 3
a: Device Recharging, Minor Destruction, Lesser Servant of Makhleb, Major
Destruction, Greater Servant of Makhleb, Renounce Religion


You were on level 2 of the Lair of Beasts.
You worshipped Makhleb.
Makhleb was extremely pleased with you.
You were hungry.

You visited 3 branches of the dungeon, and saw 14 of its levels.

Inventory:

Hand weapons
 x - the +4 great mace "Urojumn" (weapon) {flame, rC++ rN+}
   (You acquired it on level 11 of the Dungeon)

   It emits flame when wielded, causing extra injury to most foes and up to
   double damage against particularly susceptible opponents.
   It greatly protects you from cold.
   It protects you from negative energy.
 G - a +0 hand crossbow
Missiles
 d - 3 throwing nets
 p - 39 bolts
Armour
 i - a +1 pair of gloves (worn)
 t - a +0 cloak (worn)
 B - a cursed +3 plate armour (worn)
 H - a +2 helmet (worn)
Magical devices
 e - a wand of heal wounds (2)
 f - a wand of random effects (8)
 n - a wand of digging (14)
 v - a wand of enslavement (13)
 w - a wand of hasting (6)
 y - a wand of fire (5)
 z - a wand of cold (0)
 C - a wand of frost (9)
 D - a wand of confusion (3) {unknown}
Comestibles
 j - 4 beef jerkies
 k - 9 slices of pizza
 l - 3 fruits
 q - 10 bread rations
 u - 5 meat rations
Scrolls
 m - a scroll of fog
 r - 7 scrolls of identify
 s - 3 scrolls of remove curse
 E - a scroll of summoning {unknown}
 F - a scroll of holy word {unknown}
Jewellery
 g - an amulet of clarity (around neck)
 o - a +3 ring of evasion (left hand)
 A - a ring of protection from cold (right hand)
Potions
 b - a potion of beneficial mutation
 h - 5 potions of curing


   Skills:
 + Level 9.6 Fighting
 * Level 13.9 Maces & Flails
 + Level 0.4 Crossbows
 - Level 1.7 Throwing
 + Level 10.5 Armour
 - Level 3.2 Dodging
 + Level 6.9 Invocations


You had 11 spell levels left.
You didn't know any spells.

Dungeon Overview and Level Annotations

Branches:
Dungeon (11/15)            Temple (1/1) D:7            Lair (2/8) D:11
    Orc: D:9-12

Altars:
Ashenzari
Cheibriados
Dithmenos
Elyvilon
Fedhas
Kikubaaqudgha
Makhleb
Nemelex Xobeh
Okawaru
Qazlal
Sif Muna
Trog
Vehumet
Yredelemnul
Zin
The Shining One

Shops:
D:8 %

Annotations:
D:8 exclusion: downstairs


Innate Abilities, Weirdness & Mutations

You are resistant to damage.
You can recharge devices by infusing magical energy.
You passively map a large area around you.
You do not heal naturally.
Your body is slowly deteriorating.


Message History

The black mamba bites you.
You are lethally poisoned!
The black mamba poisons you!
There is a stone staircase leading up here.
MOVING TO (-3,-7)
You feel very sick.
The black mamba bites you but does no damage.
The black mamba bites you.
You are more poisoned.
The black mamba poisons you!
The spriggan hits you but does no damage.
MOVING TO (-2,-6)
You feel very sick. The black mamba bites you.
You are more poisoned.
The black mamba poisons you!
The black mamba bites you but does no damage. x2
The spriggan hits you but does no damage.
MOVING TO (-2,-5)
You die...

...##'##.P.w.P.....## * .....
.P.........PPP7#....# , , *#.....
P.............##...###+## ....#
..............##....P#..####...#.
...P......P..#.#......+#..##.....
P....P........#..................
..7P....77.......................
........P........................
#.....PP........gw...........>..#
#,....#P..#..P.................P#
,....#........#iS..###.##.#.P..#
. (...P........P.<...........P..#
.. .............................#
................................#
#.....#.............#........#.#.
# .............#....P............
* ..<................P.......#.P#


You could see a torpor snail, a black mamba and a spriggan.

Table legend:
 A = Turns spent in this place as a percentage of turns spent in the entire game.
 B = Non-inter-level travel turns spent in this place as a percentage of non-inter-level travel turns spent in the entire game.
 C = Inter-level travel turns spent in this place as a percentage of turns spent in this place.
 D = Turns resting spent in this place as a percentage of non-inter-level travel turns spent in this place.
 E = Turns spent auto-exploring this place as a percentage of non-inter-level travel turns spent in this place.
 F = Non-inter-level travel turns spent in this place divided by the number of levels of this place that you've seen.
                   A       B       C       D       E      F
               +-------+-------+-------+-------+-------+----------------------
         Total | 100.0 | 100.0 |   0.4 |   0.2 |  13.0 | 362.5
       Dungeon |  87.3 |  87.3 |   0.4 |   0.2 |  12.7 | 402.5
        Temple |   0.7 |   0.7 |   2.7 |   0.0 |  30.6 |  36.0
          Lair |  12.0 |  12.0 |   0.2 |   0.0 |  14.4 | 305.5
               +-------+-------+-------+-------+-------+----------------------

Table legend:
 A = Kills in this place as a percentage of kills in entire the game.
 B = Kills by you in this place as a percentage of kills by you in the entire game.
 C = Kills by friends in this place as a percentage of kills by friends in the entire game.
 D = Other kills in this place as a percentage of other kills in the entire game.
 E = Experience gained in this place as a percentage of experience gained in the entire game.
 F = Experience gained in this place divided by the number of levels of this place that you have seen.
                   A       B       C       D       E      F
               +-------+-------+-------+-------+-------+----------------------
         Total | 100.0 | 100.0 | 100.0 |  -nan | 100.0 | 1551.6
       Dungeon |  85.2 |  86.7 |  22.2 |  -nan |  69.0 | 1363.4
          Lair |  14.8 |  13.3 |  77.8 |  -nan |  31.0 | 3363.0
               +-------+-------+-------+-------+-------+----------------------

Vanquished Creatures
  The ghost of gw the Basher, a powerful DDGl of Makhleb (D:11)
  The ghost of gw the Slicer, a powerful KoBe of Trog (D:11)
  An unseen horror (D:11)
  A hill giant (D:11)
  An ugly thing (D:11)
  A black mamba (Lair:1)
  3 elephants (Lair:2)
  A komodo dragon (Lair:1)
  A spiny frog (Lair:2)
  2 trolls
  A two-headed ogre (D:9)
  The ghost of tkappleton the Vexing, an average FoEn (D:4)
  7 yaks
  A deep elf mage (D:10)
  2 wolves (Lair:1)
  2 wyverns (D:9)
  A human (D:7)
  Menkaure (D:4)
  2 mottled dragons
  4 orc warriors
  3 porcupines
  A black bear (D:6)
  2 sky beasts
  A necrophage (D:9)
  2 phantoms
  5 ogres
  5 centaurs
  A yellow wasp (D:11)
  4 crocodiles
  3 big kobolds
  13 giant frogs
  A water moccasin zombie (D:6)
  5 scorpions
  3 wights (D:6)
  An eye of draining (D:8)
  11 killer bees
  2 troll skeletons
  4 crimson imps
  A quasit (D:11)
  A goliath beetle (D:9)
  3 jellies
  A gnoll shaman (D:7)
  4 orc priests
  A giant frog skeleton (D:4)
  10 hounds
  7 iguanas
  12 orc wizards
  4 worker ants
  A killer bee zombie (D:6)
  4 sheep (D:7)
  A big kobold zombie (D:10)
  Ijyb (D:3)
  Jessica (D:2)
  A sky beast zombie (D:8)
  A mummy (D:11)
  10 adders
  10 gnolls
  A worker ant zombie (D:6)
  16 green rats
  A shadow imp (D:10)
  3 giant mites
  An inept feature mimic (D:4)
  4 worms
  An ufetubus (Lair:1)
  4 orc skeletons
  12 giant geckos
  36 orcs
  A ball python (D:1)
  11 bats
  A bat skeleton (D:4)
  6 giant cockroaches
  11 goblins
  15 hobgoblins
  6 jackals
  14 quokkas
  6 giant newts
  A goblin zombie (D:5)
  21 kobolds
  A kobold skeleton (D:5)
  20 rats
  A rat skeleton (D:4)
  A ballistomycete (D:6)
371 creatures vanquished.

Vanquished Creatures (collateral kills)
  A hydra (Lair:1)
  A troll (D:10)
  4 yaks
  A wolf (Lair:1)
  A neqoxec (Lair:1)
  A hound (Lair:1)
  A green rat (Lair:1)
10 creatures vanquished.

Vanquished Creatures (others)
  A ynoxinul (Lair:2)
  A killer bee (D:6)
  2 ufetubi
  A giant spore (D:6)
  A ballistomycete (D:6)
6 creatures vanquished.

Grand Total: 387 creatures vanquished

Notes
Turn   | Place    | Note
--------------------------------------------------------------
     0 | D:1      | gw, the Deep Dwarf Gladiator, began the quest for the Orb.
     0 | D:1      | Reached XP level 1. HP: 19/19 MP: 1/1
   408 | D:1      | Reached XP level 2. HP: 23/26 MP: 2/2
   813 | D:2      | Found a glowing golden altar of the Shining One.
   882 | D:2      | Reached XP level 3. HP: 16/32 MP: 3/3
   977 | D:2      | Reached skill level 4 in Maces & Flails
  1064 | D:2      | Reached skill level 1 in Armour
  1367 | D:2      | Reached XP level 4. HP: 27/40 MP: 4/4
  1428 | D:2      | Noticed Jessica
  1430 | D:2      | Killed Jessica
  1739 | D:3      | Reached XP level 5. HP: 24/48 MP: 5/5
  1830 | D:3      | Noticed Ijyb
  1856 | D:3      | Killed Ijyb
  1920 | D:3      | Found a radiant altar of Vehumet.
  1948 | D:3      | Reached skill level 5 in Maces & Flails
  2325 | D:4      | Reached XP level 6. HP: 37/56 MP: 6/6
  2718 | D:4      | Noticed tkappleton's ghost (average FoEn)
  2748 | D:4      | Killed tkappleton's ghost
  2748 | D:4      | Reached skill level 6 in Maces & Flails
  2748 | D:4      | Reached XP level 7. HP: 33/64 MP: 7/7
  2972 | D:4      | Noticed Menkaure
  2977 | D:4      | HP: 3/66 [Menkaure (16)]
  2988 | D:4      | Killed Menkaure
  3118 | D:5      | Entered Level 5 of the Dungeon
  3134 | D:5      | Reached skill level 7 in Maces & Flails
  3239 | D:5      | Reached XP level 8. HP: 36/73 MP: 7/7
  3723 | D:5      | Reached skill level 5 in Fighting
  3759 | D:5      | Reached skill level 5 in Armour
  4069 | D:5      | Reached skill level 11 in Maces & Flails
  4069 | D:5      | Gained mutation: You passively map the area around you. [level up]
  4069 | D:5      | Reached XP level 9. HP: 32/86 MP: 8/8
  5050 | D:6      | Gained mutation: You passively map a large area around you. [potion of beneficial mutation]
  5052 | D:6      | Gained mutation: You are dopey. (Int -2) [potion of mutation]
  5052 | D:6      | Gained mutation: You tend to lose your temper in combat. [potion of mutation]
  5052 | D:6      | Gained mutation: You are weak. (Str -2) [potion of mutation]
  5053 | D:6      | Lost mutation: You are weak. (Str -2) [potion of cure mutation]
  5053 | D:6      | Lost mutation: You are dopey. (Int -2) [potion of cure mutation]
  5053 | D:6      | Lost mutation: You tend to lose your temper in combat. [potion of cure mutation]
  5478 | D:7      | Found a staircase to the Ecumenical Temple.
  5484 | Temple   | Entered the Ecumenical Temple
  5501 | Temple   | Became a worshipper of Makhleb the Destroyer
  5916 | D:7      | Reached skill level 1 in Invocations
  5954 | D:7      | Reached XP level 10. HP: 42/96 MP: 10/10
  5981 | D:7      | Acquired Makhleb's first power
  6153 | D:7      | Found a snail-covered altar of Cheibriados.
  6396 | D:8      | Found Fubismekh's Food Boutique.
  6567 | D:8      | Reached skill level 12 in Maces & Flails
  6891 | D:8      | Found a sparkling altar of Nemelex Xobeh.
  7167 | D:9      | Acquired Makhleb's second power
  7463 | D:9      | Acquired Makhleb's third power
  8125 | D:10     | Entered Level 10 of the Dungeon
  8469 | D:10     | Reached XP level 11. HP: 45/104 MP: 17/17
  8872 | D:11     | Found a labyrinth entrance.
  8934 | D:11     | Acquired Makhleb's fourth power
  8966 | D:11     | Found an ancient bone altar of Kikubaaqudgha.
  9360 | D:11     | Noticed gw's ghost (powerful DDGl)
  9447 | D:11     | Killed gw's ghost
  9447 | D:11     | Reached skill level 13 in Maces & Flails
  9456 | D:11     | Noticed gw's ghost (powerful KoBe)
  9471 | D:11     | Killed an unseen horror
  9832 | D:11     | Killed gw's ghost
  9832 | D:11     | Reached skill level 10 in Armour
  9832 | D:11     | Reached skill level 5 in Invocations
 10144 | D:11     | Found a staircase to the Lair.
 10146 | D:11     | Noticed a hill giant
 10150 | D:11     | Killed a hill giant
 10200 | D:11     | Identified a scroll of acquirement
 10201 | D:11     | Got a polished great mace
 10202 | D:11     | Identified the +4 great mace "Urojumn" {flame, rC++ rN+} (You acquired it on level 11 of the Dungeon)
 10228 | Lair:1   | Entered Level 1 of the Lair of Beasts
 10617 | Lair:1   | Noticed a six-headed hydra
 10624 | Lair:1   | Killed a six-headed hydra
 10628 | Lair:1   | Gained mutation: Your body is slowly deteriorating. [a neqoxec]
 11173 | Lair:2   | Acquired Makhleb's fifth power
 11222 | Lair:2   | Reached XP level 12. HP: 61/115 MP: 17/17
 11696 | Lair:2   | HP: 5/116 [poisoned by a black mamba]
 11697 | Lair:2   | Succumbed to a black mamba's poison

Action                   |  1- 3 |  4- 6 |  7- 9 | 10-12 || total
-------------------------+-------+-------+-------+-------++-------
Melee: Flail             |   117 |   256 |   483 |   960 ||  1816
       Great mace        |       |       |       |   152 ||   152
 Fire: Hand crossbow     |       |       |       |    13 ||    13
Invok: Minor Destruction |       |       |       |   164 ||   164
       Lesser Servant of |       |       |       |    15 ||    15
 Abil: Device Recharging |       |       |     1 |     4 ||     5
Evoke: Wand              |     1 |     2 |    14 |    50 ||    67
  Use: Scroll            |     5 |     4 |    10 |    11 ||    30
       Potion            |     2 |     5 |     5 |     4 ||    16
 Stab: Distracted        |       |       |       |     1 ||     1
  Eat: Chunk             |     2 |     5 |     4 |    23 ||    34
       Bread ration      |       |       |     1 |       ||     1
       Royal jelly       |       |       |     1 |       ||     1
       Beef jerky        |       |       |       |     3 ||     3

Vault maps used:
D:1:      dpeg_arrival_circle_labyrinth_c
D:2:      tso_metal_star, uniq_jessica
D:3:      vehumet_altar_wand_db, uniq_iyjb
D:4:      uniq_menkaure
D:5:      nicolae_overflow_hidden_temple, first_bread
D:7:      lemuel_coloured_pillars_altar, temple_green, grunt_livestock
D:8:      lemuel_round_altar, serial_shops, shop_fountains,
          roderic_roman_lattice
D:9:      lemuel_upstairs_altar, kennysheep_generic_room_14
D:11:     lair_0_dummy, basic_altar, lab_entry_generic
Temple:   circular_temple_12
Lair:1:   st_stairs_11, serial_bayou_shore_b
Lair:2:   grunt_forest_large_clearing_hut
